 Dungeon Crawl Stone Soup version 0.24.0-123-gd5b16e6ec5 (webtiles) character file.

Game seed: 5409034684646128295, levelgen mode: deterministic

30 FishyPogo the Caller (level 3, 0/16 HPs)
             Began as a Vine Stalker Summoner on Jan 1, 2020.
             Slain by a hobgoblin (4 damage)
             ... on level 3 of the Dungeon.
             The game lasted 00:06:39 (1044 turns).

FishyPogo the Caller (Vine Stalker Summoner)        Turns: 1044, Time: 00:06:40

Health: 0/16       AC:  2    Str: 10    XL:     3   Next: 18%
Magic:  0/7        EV: 12    Int: 15    God:
Gold:   52         SH:  0    Dex: 15    Spells: 4/7 levels left

rFire    . . .     SeeInvis .   (no weapon)
rCold    . . .     Gourm    .   (no shield)
rNeg     . . .     Faith    .   a - +0 robe
rPois    .         Spirit   +   (no helmet)
rElec    .         Reflect  .   (no cloak)
rCorr    .         Harm     .   (no gloves)
MR       +....                  (no boots)
Stlth    ++........             (no amulet)
HPRegen  0.05/turn              l - ring of protection from magic
MPRegen  0.10/turn              (no ring)

@: no status effects
A: fangs 2, magic shield, antimagic bite, no potion heal 3, rot immunity
a: no special abilities


You were on level 3 of the Dungeon.
You were not hungry.

You visited 1 branch of the dungeon, and saw 3 of its levels.

You collected 52 gold pieces.

Inventory:

Hand Weapons
 e - a +0 club
Missiles
 d - 93 stones (quivered)
Armour
 a - a +0 robe (worn)
Jewellery
 l - a ring of protection from magic (left hand)
Scrolls
 f - a scroll of immolation {unknown}
 g - a scroll of remove curse {unknown}
 h - 2 scrolls of fear {unknown}
 i - a scroll of blinking {unknown}
 j - 2 scrolls of identify {unknown}
 m - 2 scrolls of noise {unknown}
 q - a scroll of magic mapping {unknown}
Potions
 b - 4 potions of agility {unknown}
 k - a potion of mutation {unknown}
 n - a potion of brilliance {unknown}
 o - a potion of haste
 p - a potion of flight {unknown}
Comestibles
 c - 2 rations


   Skills:
 + Level 1.9 Dodging
 - Level 3.0 Stealth
 + Level 2.5 Spellcasting
 * Level 4.4 Summonings


You had 4 spell levels left.
You knew the following spells:

 Your Spells              Type           Power        Failure   Level  Hunger
n - Call Imp              Summ           ###.....     5%          2    ###....
y - Summon Small Mammal   Summ           ###.         3%          1    #......

Your spell library contained the following spells:

 Spells                   Type           Power        Failure   Level  Hunger
 Call Canine Familiar     Summ           ###.....     11%         3    ###....
 Summon Guardian Golem    Hex/Summ       #.......     26%         3    ###....
 Summon Ice Beast         Ice/Summ       #.......     63%         4    #####..
 Summon Lightning Spire   Summ/Air       #.......     63%         4    #####..


Dungeon Overview and Level Annotations

Branches:
Dungeon (3/15)

Altars:

Annotations:
D:2 exclusion: centaur


Innate Abilities, Weirdness & Mutations

You have extremely sharp teeth.
When hurt, damage is shared between your health and your magic reserves.
Your bite disrupts and absorbs the magic of your enemies.
Potions cannot restore your health.
You are immune to rotting.


Message History

Confirm with . or Enter, or press ? or * to list all spells.
A beastly little devil appears in a puff of frigid air.
Casting: Call Imp (safe; 5% risk of failure)
Confirm with . or Enter, or press ? or * to list all spells.
A beastly little devil appears in a puff of flame.
You swap places.
You swap places.
A hobgoblin comes into view.
Found 4 gold pieces.
The hobgoblin hits you.
You hit the hobgoblin but do no damage.
You bite the hobgoblin, but do no damage.
The hobgoblin hits you.
* * * LOW HITPOINT WARNING * * *
You hit the hobgoblin but do no damage. Your bite misses the hobgoblin.
The hobgoblin closely misses you.
Your crimson imp hits the hobgoblin.
You barely miss the hobgoblin. Your bite misses the hobgoblin.
The hobgoblin is moderately wounded.
The hobgoblin hits you.
You die...

#.#........
#....$....#
#.........#
#.........#
#.........#
#.........#
#####.........#
.......5g@....#
######5#######
#.# #5# #.# #.#
#.# #.# #.#


You could see a hobgoblin, a friendly crimson imp and a friendly white imp.

Vanquished Creatures
  An ooze (D:2)
  A goblin (D:1)
  2 bats (D:1)
4 creatures vanquished.

Vanquished Creatures (collateral kills)
  An adder (D:2)
  A worm (D:2)
  4 giant cockroaches
  2 goblins (D:1)
  5 hobgoblins
  4 bats
  A frilled lizard (D:2)
  4 kobolds (D:1)
  3 rats (D:1)
25 creatures vanquished.

Grand Total: 29 creatures vanquished

Notes
Turn   | Place    | Note
-------+----------+-------------------------------------------
     0 | D:1      | FishyPogo the Vine Stalker Summoner began the quest for the
                  | Orb.
     0 | D:1      | Reached XP level 1. HP: 9/9 MP: 4/4
   125 | D:1      | Reached XP level 2. HP: 3/13 MP: 0/6
   139 | D:1      | Learned a level 2 spell: Call Imp
   844 | D:2      | Reached XP level 3. HP: 16/16 MP: 1/7
   931 | D:2      | Noticed a centaur
  1044 | D:3      | Slain by a hobgoblin

Levels and vault maps discovered:
D:1:      dpeg_arrival_lava_temple_mockup, layout_basic
D:2:      layout_basic, chequers_ecumenical_altar_simple
D:3:      layout_basic, grunt_temple_overflow_open, minmay_misc_feat_chi,
          uniq_jessica

Skill      XL: |  1  2  3 |
---------------+----------+-----
Stealth        | 3 |  3.0
Dodging        | |  1.9
Spellcasting   | |  2.5
Summonings     | |  4.4

Action                   || total
-------------------------++-------
Melee: Unarmed           ||    41
       Bite              ||    17
       Club              ||     4
 Cast: Summon Small Mamm ||    15
       Call Imp          ||    26
  Eat: Chunk             ||     2
Armor: Robe              ||     6
Dodge: Dodged            ||    39
